 Dungeon Crawl Stone Soup version 0.30.0-19-g36f170ea60 (webtiles) character file.

Game seed: 13333529828955077587

2 Judis the Chiller (level 1, -3/13 HPs)
             Began as a Human Ice Elementalist on May 26, 2023.
             Slain by a kobold
             ... wielding a +0 short sword
              (4 damage)
             ... on level 1 of the Dungeon on June 1, 2023.
             The game lasted 00:01:23 (234 turns).

Judis the Chiller (Human Ice Elementalist)           Turns: 234, Time: 00:01:24

Health: -3/13      AC:  2    Str:  8    XL:     1   Next: 33%
Magic:  3/3        EV: 12    Int: 15    God:
Gold:   38         SH:  0    Dex: 13    Spells: 3/4 levels left

rFire   . . .        (no weapon)
rCold   . . .        (no shield)
rNeg    . . .        a - +0 robe
rPois   .            (no helmet)
rElec   .            (no cloak)
rCorr   .            (no gloves)
SInv    .            (no boots)
Will    .....        (no amulet)
Stlth   ++           (no ring)
HPRegen 0.22/turn    (no ring)
MPRegen 0.08/turn

%: no passive effects
@: no status effects
A: no striking features
a: no special abilities


You were on level 1 of the Dungeon.
You visited 1 branch of the dungeon, and saw 1 of its levels.

You collected 38 gold pieces.

Inventory:

Armour
 a - a +0 robe (worn)
Scrolls
 d - a scroll of identify {unknown}
Potions
 b - a potion of magic
 c - a potion of curing {unknown}


   Skills:
 + Level 2.0 Dodging
 + Level 2.0 Stealth
 + Level 2.0 Spellcasting
 + Level 4.1 Ice Magic


You had 3 spell levels left.
You knew the following spells:

 Your Spells              Type           Power      Damage    Failure   Level
a - Freeze                Ice            52%        1d6       4%          1

Your spell library contained the following spells:

 Spells                   Type           Power      Damage    Failure   Level
 Frozen Ramparts          Ice            26%        1d4       12%         3
 Ozocubu's Armour         Ice            13%        N/A       12%         3
 Summon Ice Beast         Ice/Summ       7%         N/A       67%         4


Dungeon Overview and Level Annotations

Branches:
Dungeon (1/15)

Altars:


Message History

You now have 38 gold pieces (gained 17).
Found a scroll labelled ERCHIW RUECW.
d - a scroll labelled ERCHIW RUECW A kobold comes into view.
It is wielding a +0 short sword.
The kobold shouts!
You hit the kobold but do no damage.
The kobold hits you with a +0 short sword.
You barely miss the kobold.
The kobold hits you with a +0 short sword.
Attack: -) Nothing wielded
Press: ? - help, Dir - move target, f - kobold
Aim: a kobold, wielding a +0 short sword (about 53% to evade your hands)
You closely miss the kobold. The kobold barely misses you.
Attack: -) Nothing wielded
Press: ? - help, Dir - move target, f/p - kobold
Aim: a kobold, wielding a +0 short sword (about 53% to evade your hands)
You hit the kobold.
The kobold is moderately wounded.
The kobold hits you with a +0 short sword.
* * * LOW HITPOINT WARNING * * *
You closely miss the kobold.
The kobold is moderately wounded.
The kobold barely misses you.
Attack: -) Nothing wielded
Press: ? - help, Dir - move target, f/p - kobold
Aim: a kobold, wielding a +0 short sword (moderately wounded, about 53% to evade your hands)
You barely miss the kobold.
The kobold is moderately wounded.
The kobold hits you with a +0 short sword.
* * * LOW HITPOINT WARNING * * *
Attack: -) Nothing wielded
Press: ? - help, Dir - move target, f/p - kobold
Aim: a kobold, wielding a +0 short sword (moderately wounded, about 53% to evade your hands)
You hit the kobold but do no damage.
The kobold is moderately wounded.
The kobold barely misses you.
You miss the kobold.
The kobold is moderately wounded.
The kobold hits you with a +0 short sword.
You die...

###..#.......#
###.†####.#### #.#
...........# #.#
####.####.........
.....# #########.#
####.# #.# #.#
#.###.# #.#
#.....# #K#
####.###.#######@#
.................#
########.#########
#.# #.# #.# #.#
#.# ###


You could see a kobold.

Vanquished Creatures
  A hobgoblin (D:1)
  A frilled lizard (D:1)
2 creatures vanquished.

Notes
Turn   | Place    | Note
-------+----------+-------------------------------------------
     0 | D:1      | Judis the Human Ice Elementalist began the quest for the
                  | Orb.
     0 | D:1      | Reached XP level 1. HP: 13/13 MP: 3/3
    96 | D:1      | Found a faded altar of an unknown god.
   234 | D:1      | Slain by a kobold

Illustrated notes

Levels and vault maps discovered:
D:1:      psy_arrival_terrarium, layout_basic,
          ebering_ecumenical_altar_abandoned

Action                     || total
---------------------------++-------
  Melee: Unarmed           ||    44
 Armour: Robe              ||     3
  Dodge: Dodged            ||    28
